 Dungeon Crawl Stone Soup version 0.22.1-1-ga44c0e5 (webtiles) character file.

70 bloo the Chopper (level 4, 44/44 HPs)
             Began as a Troll Berserker on Oct 7, 2018.
             Was a Believer of Trog.
             Quit the game on level 2 of the Dungeon.
             The game lasted 00:06:04 (1136 turns).

bloo the Chopper (Troll Berserker)                  Turns: 1136, Time: 00:06:05

Health: 44/44      AC:  5    Str: 25    XL:     4   Next: 3%
Magic:  3/3        EV: 10    Int:  3    God:    Trog [**....]
Gold:   59         SH:  0    Dex: 10    Spells: 3/3 levels left

rFire    . . .     SeeInvis .   a - +0 hand axe
rCold    . . .     Gourm    +   (no shield)
rNeg     . . .     Faith    .   b - +0 animal skin
rPois    .         Spirit   .   (helmet restricted)
rElec    .         Reflect  .   (no cloak)
rCorr    .         Harm     .   (gloves unavailable)
MR       .....                  (boots unavailable)
Stlth    +.........             (no amulet)
HPRegen  0.54/turn              (no ring)
MPRegen  0.08/turn              (no ring)

@: no status effects
A: large, unfitting armour, claws 3, fast metabolism 3, gourmand, regeneration
1, shaggy fur 1, tough skin 2
a: Berserk, Trog's Hand, Renounce Religion


You were on level 2 of the Dungeon.
You worshipped Trog.
Trog was pleased with you.
You were completely stuffed.

You visited 1 branch of the dungeon, and saw 2 of its levels.

You collected 59 gold pieces.

Inventory:

Hand Weapons
 a - a +0 hand axe (weapon)
Armour
 b - a +0 animal skin (worn)
Scrolls
 d - 2 scrolls of teleportation {unknown}
 f - 2 scrolls of identify {unknown}
 h - a scroll of amnesia {unknown}
 i - a scroll of remove curse {unknown}
Potions
 e - a potion of lignification {unknown}
 g - a potion of curing {unknown}
Comestibles
 c - 4 rations
 j - a chunk of flesh


   Skills:
 - Level 2.4 Fighting
 + Level 4.0 Axes
 - Level 2.4 Dodging
 + Level 0.2 Stealth


You had 3 spell levels left.
You didn't know any spells.
Your spell library was empty.

Dungeon Overview and Level Annotations

Branches:
Dungeon (2/15)

Altars:


Innate Abilities, Weirdness & Mutations

You are too large for most types of armour.
You have claws for hands.
Your metabolism is lightning-fast.
You like to eat raw meat.
Your natural rate of healing is unusually fast.
You are covered in fur. (AC +1)
You have very tough skin. (AC +2)


Message History

You eat one of the 3 chunks of flesh.
This raw flesh tastes great.
Eating one of 2 chunks of flesh.
You eat one of the 2 chunks of flesh.
This raw flesh tastes great.
Eating a chunk of flesh.
You eat the chunk of flesh.
This raw flesh tastes great.
A dart slug comes into view.
You see here a jackal corpse.
You butcher the jackal corpse.
j - 3 chunks of flesh You see here a jackal skeleton.
Eating one of 3 chunks of flesh.
You eat one of the 3 chunks of flesh.
This raw flesh tastes great.
Eating one of 2 chunks of flesh.
You eat one of the 2 chunks of flesh.
This raw flesh tastes great.
You can't go down here!
You can't go down here!
You can't go down here!
Unknown command.
Unknown command.
Are you sure you want to abandon this character and quit the game? (Confirm

..P♣♣♣...♣♣♣P.P♣♣♣P..♣♣
... ♣P..♣ ♣...♣ ...♣
...♣♣♣..P♣♣♣P.P♣♣♣P.P♣
...............P........
........................
..P...P.PPPP....P.P....
...♣♣♣...♣♣♣P..♣♣♣...♣
..P ♣...♣ ♣...♣ ...♣
..P♣♣♣..P♣♣♣..@♣♣♣P..♣♣♣.
#.P.........P.........P..
.................÷.......
...########.#######..####
## #.# ## #)# #<# ###


There were no monsters in sight!

Vanquished Creatures
  4 gnolls (D:2)
  3 dart slugs (D:1)
  A leopard gecko (D:1)
  4 goblins
  3 hobgoblins (D:1)
  2 jackals (D:2)
  3 frilled lizards
  5 kobolds (D:1)
  A rat (D:1)
26 creatures vanquished.

Notes
Turn   | Place    | Note
-------+----------+-------------------------------------------
     0 | D:1      | bloo the Troll Berserker began the quest for the Orb.
     0 | D:1      | Reached XP level 1. HP: 22/22 MP: 0/0
   193 | D:1      | Reached skill level 3 in Axes
   193 | D:1      | Reached XP level 2. HP: 29/29 MP: 1/1
   954 | D:2      | Reached XP level 3. HP: 36/36 MP: 2/2
  1090 | D:2      | Reached skill level 4 in Axes
  1106 | D:2      | Reached ** piety under Trog
  1106 | D:2      | Reached XP level 4. HP: 44/44 MP: 3/3
  1136 | D:2      | Quit the game

Skill      XL: |  1  2  3 |
---------------+----------+-----
Axes           | 3 4 |  4.0
Fighting       | |  2.4
Dodging        | |  2.4
Stealth        | |  0.2

Action                   |  1- 3 |  4- 6 || total
-------------------------+-------+-------++-------
Melee: Hand axe          |    66 |     4 ||    70
Invok: Berserk           |     4 |       ||     4
  Eat: Chunk             |    15 |     5 ||    20
Armor: Animal skin       |    14 |     2 ||    16
Dodge: Dodged            |    34 |     2 ||    36
